 Dungeon Crawl Stone Soup version 0.29.0-11-gd7f09526c8 (webtiles) character file.

Game seed: 4823770276515109719

38 Iusername the Covered (level 3, -2/29 HPs)
             Began as a Human Fighter on Sept 2, 2022.
             Slain by a gnoll
             ... wielding a +0 halberd
              (5 damage)
             ... on level 2 of the Dungeon.
             The game lasted 00:01:30 (1567 turns).

Iusername the Covered (Human Fighter)               Turns: 1567, Time: 00:01:31

Health: -2/29      AC:  6    Str: 18    XL:     3   Next: 65%
Magic:  3/3        EV:  9    Int:  8    God:
Gold:   16         SH:  4    Dex: 12    Spells: 2/2 levels left

rFire   . . .      SeeInvis .   a - +0 long sword
rCold   . . .      Faith    .   c - +0 buckler
rNeg    . . .      Spirit   .   b - +0 scale mail
rPois   .          Reflect  .   (no helmet)
rElec   .          Harm     .   (no cloak)
rCorr   .          Rampage  .   (no gloves)
Will    .....                   (no boots)
Stlth   ..........              (no amulet)
HPRegen 0.09/turn               (no ring)
MPRegen 0.08/turn               (no ring)

@: no status effects
A: no striking features
a: no special abilities


You were on level 2 of the Dungeon.
You visited 1 branch of the dungeon, and saw 2 of its levels.

You collected 16 gold pieces.

Inventory:

Hand Weapons
 a - a +0 long sword (weapon)
Armour
 b - a +0 scale mail (worn)
 c - a +0 buckler (worn)
Scrolls
 f - a scroll of identify {unknown}
Potions
 d - a potion of might
 e - a potion of heal wounds {unknown}
 g - a potion of haste {unknown}


   Skills:
 + Level 3.1 Fighting
 + Level 2.7 Long Blades
 + Level 3.4 Armour
 + Level 0.4 Dodging
 + Level 3.2 Shields


You had 2 spell levels left.
You didn't know any spells.
Your spell library was empty.

Dungeon Overview and Level Annotations

Branches:
Dungeon (2/15)

Altars:


Message History

Done exploring.
Done exploring.
Done exploring.
There is an open gate here.
There is a stone staircase leading down here.
You climb downwards.
The gnoll shouts!
You hear a shout! x3
Found four items.
Found an escape hatch in the floor.
There is a stone staircase leading up here.
Found 5 gold pieces and a scroll labelled PUYXZOG MAEBB.
A gnoll comes into view. It is wielding a +0 flail.
A gnoll comes into view. It is wielding a +0 spear.
A gnoll comes into view. It is wielding a +0 spear.
The gnoll shouts!
A hobgoblin comes into view.
The gnoll closely misses you. The gnoll barely misses you.
You hit the gnoll.
The gnoll is moderately wounded.
The gnoll hits you with a +0 halberd. The gnoll barely misses you.
An endoplasm comes into view.
The endoplasm quivers.
You hit the gnoll.
The gnoll is heavily wounded.
The gnoll hits you but does no damage. The gnoll completely misses you.
The gnoll hits you with a +0 spear.
You barely miss the gnoll.
The gnoll is heavily wounded.
The gnoll hits you with a +0 flail.
The gnoll hits you from afar with a +0 spear.
The gnoll hits you with a +0 spear. The gnoll closely misses you.
You are too injured to fight recklessly!
You are too injured to fight recklessly!
You are too injured to fight recklessly!
You are too injured to fight recklessly!
The gnoll attacks as you move away! The gnoll misses you.
The gnoll hits you but does no damage. The gnoll hits you with a +0 halberd!
* * * LOW HITPOINT WARNING * * *
The gnoll attacks as you move away! The gnoll closely misses you.
The gnoll hits you from afar with a +0 halberd.
You die...

#.# #.# #.. #.#
## #.# .#
###.##.#
#<...g.# ###
###>...#.#....#
#$(..@.gg.g...#
#./....g.#.J...
#...#.$..# ..#
#...#...... .
#...#.##.#...
#.?.#.. .#....
#...### ## ...
## #..


You could see 4 gnolls, an endoplasm and a hobgoblin.

Vanquished Creatures
  A dart slug (D:1)
  3 bats (D:1)
  2 endoplasms (D:1)
  2 giant cockroaches (D:1)
  6 goblins (D:1)
  4 hobgoblins (D:1)
  2 jackals (D:1)
  A kobold (D:1)
  2 quokkas (D:1)
  2 ball pythons (D:1)
  2 frilled lizards (D:1)
  4 rats (D:1)
31 creatures vanquished.

Notes
Turn   | Place    | Note
-------+----------+-------------------------------------------
     0 | D:1      | Iusername the Human Fighter began the quest for the Orb.
     0 | D:1      | Reached XP level 1. HP: 18/18 MP: 1/1
    98 | D:1      | Reached XP level 2. HP: 14/24 MP: 2/2
   450 | D:1      | Found a faded altar of an unknown god.
   820 | D:1      | Reached XP level 3. HP: 29/29 MP: 3/3
  1567 | D:2      | Slain by a gnoll

Illustrated notes

Levels and vault maps discovered:
D:1:      kennysheep_arrival_forest, layout_loops_corners,
          basic_ecumenical_altar, st_stairs_3
D:2:      layout_basic, chequers_decorated_corner

Action                   || total
-------------------------++-------
Melee: Long sword        ||    91
Armor: Scale mail        ||    36
Dodge: Dodged            ||    47
Block: Buckler           ||    21
